 Dungeon Crawl Stone Soup version 0.17.1-3-g152610e (webtiles) character file.

166 jacquesderrida the Caller (level 5, -13/35 HPs)
             Began as a Demonspawn Summoner on Apr 7, 2016.
             Mangled by an orc warrior
             ... wielding a +0 scimitar
              (25 damage)
             ... on level 6 of the Dungeon.
             The game lasted 00:10:41 (1236 turns).

jacquesderrida the Caller (Demonspawn Summoner)     Turns: 1236, Time: 00:10:42

Health: -13/35     AC:  5    Str:  9    XL:     5   Next: 22%
Magic:  2/8        EV: 12    Int: 17    God:
Gold:   142        SH:  0    Dex: 13    Spells: 3 memorised, 2 levels left

rFire  . . .     SeeInvis .     d - +3 spear (pierce)
rCold  . . .     Clarity  .     a - +0 robe
rNeg   . . .     SustAt   .     (no shield)
rPois  .         Gourm    .     (no helmet)
rElec  .         Spirit   .     s - +1 cloak
rCorr  .         Warding  .     (no gloves)
rMut   .         Stasis   .     (no boots)
MR     .....                    (no amulet)
Stlth  ++........               (no ring)
                                (no ring)

@: not resistant to hostile enchantments, unstealthy
A: icy blue scales 1
a: no special abilities


You were on level 6 of the Dungeon.
You were not hungry.

You visited 2 branches of the dungeon, and saw 7 of its levels.

You collected 142 gold pieces.

Inventory:

Hand Weapons
 d - a +3 spear of piercing (weapon)
Missiles
 e - 7 javelins (quivered)
Armour
 a - a +0 robe (worn)
 s - a +1 cloak (worn)
Scrolls
 i - a scroll of blinking
Potions
 f - a potion of degeneration {unknown}
 j - a potion of lignification {unknown}
 l - a potion of cancellation
 p - a potion of brilliance
Books
 b - a book of Callings

   Spells                             Type                      Level
   a - Summon Small Mammal            Summoning                    1
   b - Call Imp                       Summoning                    2
   c - Call Canine Familiar           Summoning                    3
   d - Summon Guardian Golem          Hexes/Summoning              3
   e - Summon Lightning Spire         Summoning/Air                4
   f - Summon Ice Beast               Ice/Summoning                4
Comestibles
 c - a bread ration
 g - a meat ration


   Skills:
 + Level 0.1 Polearms
 - Level 1.7 Dodging
 - Level 1.7 Stealth
 + Level 2.1 Spellcasting
 + Level 6.5 Summonings


You had 2 spell levels left.
You knew the following spells:

 Your Spells              Type           Power        Failure   Level  Hunger
a - Summon Small Mammal   Summ           ###.         1%          1    #......
b - Call Imp              Summ           ###.....     1%          2    ###....
c - Call Canine Familiar  Summ           ###.....     4%          3    ###....


Dungeon Overview and Level Annotations

Branches:
Dungeon (6/15)             Temple (1/1) D:5

Altars:
Dithmenos
Gozag
Kikubaaqudgha
Okawaru
Qazlal
Vehumet
Xom
Yredelemnul
The Shining One
Lugonu

Annotations:
D:5 Pikel


Innate Abilities, Weirdness & Mutations

You are partially covered in icy blue scales (AC +1).


Message History

Unknown command.
Drink which item? (? for menu, Esc to quit)
You feel better.
The orc warrior hits you but does no damage.
Something hits you.
Deactivating autopickup; reactivate with Ctrl-A.
You hear some strange, mumbled words.
A puff of flame appears from out of thin air!
The puff of flame misses you.
A magic dart appears from out of thin air!
The magic dart hits you!
A puff of flame appears from out of thin air!
The puff of flame hits you!
* * * LOW HITPOINT WARNING * * *
Drink which item? (? for menu, Esc to quit)
You feel better.
Something tries to affect you, but you resist.
The orc warrior hits you with a scimitar!!
Ouch! That really hurt!
You die...

#..########....## ###.......
##.......##......#####5o.......
#................##...h##......
#...................#### .....
#..............<..### ....
##................## ...
#.................# ##
#...##............#
##...........@....#
#.......{..o....##
#..##.....#......#
#.#####.<..##..### ##
###....### ####.# ##


You could see an orc warrior.

Vanquished Creatures
  A hound (D:4)
  An orc wizard (D:4)
  2 giant geckos
  3 orcs
  A giant cockroach (D:2)
  2 goblins (D:2)
  2 hobgoblins
  2 jackals (D:4)
  4 kobolds
  4 bats (D:1)
  A rat (D:2)
23 creatures vanquished.

Vanquished Creatures (collateral kills)
  A hound (D:5)
  An iguana (D:4)
  An orc wizard (D:6)
  A giant frog skeleton (D:4)
  A worker ant (D:5)
  2 adders
  A bat (D:2)
  A goblin (D:2)
  A giant newt (D:2)
  2 rats
12 creatures vanquished.

Grand Total: 35 creatures vanquished

Notes
Turn   | Place    | Note
--------------------------------------------------------------
     0 | D:1      | jacquesderrida the Demonspawn Summoner began the quest for the Orb.
     0 | D:1      | Reached XP level 1. HP: 13/13 MP: 3/3
   204 | D:2      | Gained mutation: You are partially covered in icy blue scales (AC +1). [demonic ancestry]
   204 | D:2      | Reached XP level 2. HP: 19/19 MP: 5/5
   229 | D:2      | Learned a level 2 spell: Call Imp
   431 | D:2      | Found a shimmering altar of Xom.
   433 | D:2      | Found a shimmering altar of Xom.
   530 | D:3      | Reached skill level 5 in Summonings
   530 | D:3      | Reached XP level 3. HP: 24/24 MP: 6/6
   577 | D:4      | Learned a level 3 spell: Call Canine Familiar
   636 | D:4      | Reached XP level 4. HP: 30/30 MP: 1/7
   808 | D:4      | Found an ancient bone altar of Kikubaaqudgha.
   849 | D:4      | Reached skill level 6 in Summonings
   954 | D:5      | Entered Level 5 of the Dungeon
   986 | D:5      | Reached XP level 5. HP: 28/35 MP: 2/8
  1011 | D:5      | Found a staircase to the Ecumenical Temple.
  1020 | Temple   | Entered the Ecumenical Temple
  1041 | Temple   | PLS!!
  1080 | D:5      | Noticed a slave
  1082 | D:5      | Noticed a slave
  1082 | D:5      | Noticed a slave
  1083 | D:5      | Noticed Pikel
  1083 | D:5      | Noticed a slave
  1084 | D:5      | Paralysed by Pikel for 5 turns
  1101 | D:5      | Noticed an orc warrior
  1189 | D:6      | Noticed an orc warrior
  1236 | D:6      | Mangled by an orc warrior

Action                   |  1- 3 |  4- 6 || total
-------------------------+-------+-------++-------
Melee: Spear             |    47 |    20 ||    67
Throw: Javelin           |     1 |       ||     1
 Cast: Summon Small Mamm |     3 |       ||     3
       Call Imp          |     7 |     8 ||    15
       Call Canine Famil |     2 |     4 ||     6
  Use: Scroll            |       |     6 ||     6
       Potion            |       |     3 ||     3
 Stab: Sleeping          |     2 |     1 ||     3
       Distracted        |     2 |       ||     2
  Eat: Chunk             |       |     2 ||     2
       Fruit             |       |     1 ||     1
